 Dungeon Crawl Stone Soup version 0.25-a0-161-gb7fd73da8f (webtiles) character file.

Game seed: 1373724891560027226, levelgen mode: deterministic

104933 Leeroy the Blocker (level 15, -13/124 HPs)
             Began as a Purple Draconian Skald on Nov 21, 2019.
             Was the Champion of Okawaru.
             Mangled by a spriggan berserker
             ... wielding a +1 antimagic quarterstaff
              (32 damage)
             ... on level 1 of the Elven Halls on Nov 22, 2019.
             The game lasted 02:43:11 (46342 turns).

Leeroy the Blocker (Purple Draconian Skald)        Turns: 46342, Time: 02:43:13

Health: -13/124    AC: 23    Str: 16    XL:     15   Next: 93%
Magic:  1/28       EV: 18    Int: 15    God:    Okawaru [******]
Gold:   1216       SH: 16    Dex: 13    Spells: 5/33 levels left

rFire    + . .     SeeInvis +   O - +3 long sword of Foeqik {protect, rElec MR++ Stlth+}
rCold    + . .     Gourm    .   N - +3 shield {rC+ rF+}
rNeg     . . .     Faith    .   (armour unavailable)
rPois    .         Spirit   .   (helmet restricted)
rElec    +         Reflect  .   U - +2 cloak {MR+}
rCorr    .         Harm     .   r - +2 pair of gloves
MR       +++++                  F - +0 pair of boots {Stlth+}
Stlth    +++.......             (no amulet)
HPRegen  0.30/turn              t - +5 ring of slaying
MPRegen  0.21/turn              R - ring of see invisible

@: protection aura, very slightly contaminated
A: breathe power, unfitting armour, cold-blooded, AC +9
a: Breathe Dispelling Energy, Heroism, Finesse, Renounce Religion


You were on level 1 of the Elven Halls.
You worshipped Okawaru.
Okawaru was exalted by your worship.
You were hungry.

You visited 6 branches of the dungeon, and saw 26 of its levels.

You collected 2362 gold pieces.
You spent 1146 gold pieces at shops.

Inventory:

Hand Weapons
 a - the +12 battleaxe of the Eel {vamp, rPois Int+4}
   (Okawaru gifted it to you on level 2 of the Orcish Mines)

   It inflicts no extra harm, but heals its wielder when it wounds a living foe.
   It affects your intelligence (+4).
   It protects you from poison.
 m - the +10 rapier "Uheel" {pierce, rElec rC+++ rN+ Stlth-}
   (You bought it in a shop on level 1 of the Orcish Mines)

   It inflicts extra damage upon your enemies.
   It renders you almost immune to cold.
   It insulates you from electricity.
   It protects you from negative energy.
   It makes you less stealthy.
 n - a +2 scimitar of holy wrath
 v - a +6 short sword of freezing
 E - a +3 vampiric scimitar
 J - a +4 scimitar of flaming
 O - the +3 long sword of Foeqik (weapon) {protect, rElec MR++ Stlth+}
   (You bought it in a shop on level 1 of the Orcish Mines)

   It grants its wielder temporary protection when it strikes (+7 to AC).
   It insulates you from electricity.
   It affects your resistance to hostile enchantments.
   It makes you more stealthy.
Missiles
 h - 7 silver boomerangs
 P - 3 curare-tipped darts (quivered)
 Z - 65 poisoned darts
Armour
 r - a +2 pair of gloves (worn)
 F - a +0 pair of boots of stealth (worn)
 N - a +3 shield of resistance (worn)
 U - a +2 cloak of magic resistance (worn)
Magical Staves
 s - an uncursed staff of conjuration
 S - an uncursed staff of fire {unknown}
 X - an uncursed staff of energy
Jewellery
 d - an uncursed ring of protection from cold
 t - a +5 ring of slaying (left hand)
 u - an uncursed ring of positive energy
 w - a +3 ring of dexterity
 C - a +3 ring of evasion
 R - a ring of see invisible (right hand)
 V - an uncursed ring of magical power
 W - an uncursed ring of ice
Wands
 g - a wand of iceblast (11)
 q - a wand of flame (26)
 y - a wand of disintegration (7)
 z - a wand of acid (17)
 G - a wand of scattershot (5)
 I - a wand of clouds (10)
 L - a wand of paralysis (19)
Scrolls
 b - 13 scrolls of remove curse
 A - 10 scrolls of amnesia
 B - a scroll of brand weapon
 T - 4 scrolls of blinking {unknown}
Potions
 e - 2 potions of magic
 f - 2 potions of flight
 i - 2 potions of might
 j - a potion of invisibility
 k - 3 potions of mutation
 p - 3 potions of cancellation
 x - a potion of berserk rage
 H - 10 potions of curing
 M - 4 potions of lignification
 Q - a potion of resistance
Miscellaneous
 D - 2 phantom mirrors
 Y - a lamp of fire
Comestibles
 c - 19 rations


   Skills:
 - Level 9.1 Fighting
 - Level 12.2 Long Blades
 - Level 11.0 Dodging
 - Level 13.2 Shields
 + Level 9.6 Spellcasting
 - Level 9.0 Conjurations
 - Level 5.0 Hexes
 - Level 5.4 Charms
 - Level 2.9 Translocations
 - Level 5.5 Fire Magic
 - Level 8.2 Earth Magic
 - Level 5.1 Poison Magic


You had 5 spell levels left.
You knew the following spells:

 Your Spells              Type           Power        Failure   Level  Hunger
a - Bolt of Magma         Conj/Fire/Erth ####......   16%         5    #####..
b - Spectral Weapon       Hex/Chrm       ###.....     4%          3    #......
c - Shroud of Golubria    Chrm/Tloc      ###...       3%          2    None
d - Regeneration          Chrm/Necr      ###.......   12%         3    #......
e - Mephitic Cloud        Conj/Pois/Air  ###.....     5%          3    #......
f - Blink                 Tloc           N/A          5%          2    None
g - Ozocubu's Armour      Chrm/Ice       ###.....     12%         3    #......
h - Sticky Flame          Conj/Fire      ####....     6%          4    ###....
i - Conjure Flame         Conj/Fire      ####....     1%          3    #......

Your spell library contained the following spells:

 Spells                   Type           Power        Failure   Level  Hunger
 Confusing Touch          Hex            ###...       1%          1    None
 Corona                   Hex            ###....      1%          1    None
 Infusion                 Chrm           ###.         1%          1    None
 Magic Dart               Conj           ####         1%          1    None
 Song of Slaying          Chrm           ###.....     1%          2    None
 Slow                     Hex            ###.....     2%          2    None
 Passwall                 Tmut/Erth      ###.....     3%          2    None
 Confuse                  Hex            ###.....     4%          3    #......
 Inner Flame              Hex/Fire       ###.....     4%          3    #......
 Swiftness                Chrm/Air       ###.....     6%          2    None
 Portal Projectile        Hex/Tloc       ###...       8%          3    #......
 Leda's Liquefaction      Hex/Erth       ####......   9%          4    ###....
 Gell's Gravitas          Tloc           ###.......   11%         3    #......
 Lee's Rapid Deconstruct  Erth           ####......   12%         5    #####..
 Cause Fear               Hex            ###.......   16%         4    ###....
 Call Imp                 Summ           #.......     19%         2    None
 Recall                   Summ/Tloc      N/A          21%         3    #......
 Petrify                  Tmut/Erth      ###.....     22%         4    ###....
 Passage of Golubria      Tloc           N/A          36%         4    ###....
 Irradiate                Conj/Tmut      ###.......   47%         5    #####..
 Metabolic Englaciation   Hex/Ice        ##........   77%         5    #####..
 Summon Mana Viper        Hex/Summ       ##......     77%         5    #####..
 Yara's Violent Unravell  Hex/Tmut       ##........   77%         5    #####..
 Summon Forest            Summ/Tloc      ##........   88%         5    #####..
 Aura of Abjuration       Summ           #.........   98%         5    #####..
 Summon Demon             Summ           #.........   98%         5    #####..
 Darkness                 Hex            ###.......   94%         6    ######.
 Invisibility             Hex            ###.....     94%         6    ######.
 Shadow Creatures         Summ           N/A          100%        6    ######.


Dungeon Overview and Level Annotations

Branches:
Dungeon (14/15)            Temple (1/1) D:6            Lair (6/6) D:10
  Swamp (2/4) Lair:3       Spider (0/4) Lair:3        Slime (0/5) Lair:6
    Orc (2/2) D:11            Elf (1/3) Orc:2        Vaults (0/5) D:13

Altars:
Ashenzari
Cheibriados
Dithmenos
Elyvilon
Fedhas
Gozag
Hepliaklqana
Kikubaaqudgha
Makhleb
Nemelex Xobeh
Okawaru
Qazlal
Ru
Sif Muna
Trog
Uskayaw
Vehumet
Wu Jian
Xom
Yredelemnul
Zin
The Shining One
Beogh
Jiyva

Shops:
D:4 [   D:13 *   Orc:1 [(   Orc:2 !*?[(   Elf:1 :

Portals:
Trove: D:13 (give +5 demon trident)

Annotations:
D:5 exclusion: statue
Lair:5 3 runed translucent doors, Vabeppot's ghost, journeyman DrGl


Innate Abilities, Weirdness & Mutations

You can breathe bolts of dispelling energy.
Your rich purple scales are hard. (AC +9)
You cannot fit into any form of body armour.
You are cold-blooded and may be slowed by cold attacks.


Message History

The deep elf annihilator gestures wildly while chanting.
The deep elf annihilator blinks!
The spriggan berserker utters an invocation to Trog.
The spriggan berserker goes berserk!
Your +5 dire flail of protection barely misses the spriggan berserker.
You block the spriggan berserker's attack.
The spriggan berserker mumbles some strange prayers to Trog.
The spriggan berserker goes berserk!
The polar bear bites you but does no damage.
The polar bear closely misses you. x2
Your fire elemental misses the spriggan berserker.
The spriggan berserker prays to Trog.
The spriggan berserker goes berserk!
Unknown command.
Your +5 dire flail of protection hits the spriggan berserker!!
The spriggan berserker hits your +5 dire flail of protection with a +0 hand axe of electrocution!
The spriggan berserker barely misses your fire elemental.
Your fire elemental barely misses the polar bear.
The spriggan berserker hits you with a +1 antimagic quarterstaff!!
You die...

##..#..e....##)##
#☼..........§.#.##
##.####............##)##
.i...'.............###.####
###..'.........e...# ##'#.###
.....'.........(...####.....#
##.####.......hi...'..)..)..#
♣. #☼......)ihE..##8#.....# #
##..#.E..ii@..##s##..###
#..'##...###.8.∩.8...#
#.'####### ####.####.# .. #8#
..# . #.# #.# #.# .# .# ##


You could see 4 spriggan berserkers, 2 polar bears, a water elemental, a
friendly deep elf mage, a friendly fire elemental and a friendly +5 dire flail
of protection.

Vanquished Creatures
  Jorgrun (Orc:2)
  2 orc warlords (Orc:2)
  Nessos (Lair:4)
  An entropy weaver (Lair:6)
  The ghost of Xiguana the Fighter, a journeyman OgVM of Cheibriados (Lair:3)
  An ettin (Orc:2)
  6 hydras
  A vault guard (D:13)
  An ice dragon (Lair:5)
  2 catoblepae (Lair:6)
  3 centaur warriors
  8 death yaks
  3 alligators (Swamp:1)
  7 dancing weapons
  3 two-headed ogres
  2 orc high priests (Orc:2)
  A queen ant (Lair:5)
  A fire crab (Lair:6)
  A spriggan (Swamp:1)
  6 deep elf knights
  An unseen horror (shapeshifter) (D:12)
  2 deep elf archers (Elf:1)
  An orc knight (Orc:2)
  Pikel (D:6)
  6 ugly things
  An orc sorcerer (Orc:1)
  18 deep elf magi
  A manticore (D:12)
  2 cyclopes
  11 elephants
  A centaur zombie (D:12)
  A torpor snail (Lair:5)
  2 black mambas
  A gargoyle (D:12)
  3 spiny frogs
  A rime drake (Lair:5)
  9 trolls
  6 polar bears
  A hornet (Swamp:1)
  A tyrant leech (Swamp:1)
  2 dream sheep
  24 blink frogs
  6 hippogriffs
  A shadow (D:11)
  2 wraiths
  A water elemental (Orc:2)
  A wyvern (D:8)
  42 yaks
  2 fire elementals (Elf:1)
  3 hungry ghosts
  8 vampire mosquitoes
  Menkaure (D:5)
  2 acid dragons
  2 wargs (Orc:2)
  4 insubstantial wisps (Swamp:1)
  6 soldier ants
  12 water moccasins
  3 porcupines
  2 swamp worms (Swamp:1)
  47 orc warriors
  2 swamp drakes (Swamp:1)
  4 ice beasts
  6 sky beasts
  3 necrophages
  5 phantoms
  10 ogres
  6 centaurs
  4 crocodiles
  14 bullfrogs
  An earth elemental (Elf:1)
  A water moccasin zombie (D:6)
  4 scorpions
  7 killer bees
  2 howler monkeys (D:10)
  15 wights
  3 electric eels (D:11)
  14 crimson imps
  4 quasits
  19 jellies
  2 bullfrog zombies
  3 hounds
  25 orc priests
  4 centaur skeletons
  7 human zombies (D:9)
  3 bullfrog skeletons
  A gnoll shaman (Orc:2)
  5 iguanas
  Ijyb (D:4)
  5 hell rats (Lair:6)
  20 orc wizards
  18 worker ants
  A killer bee zombie (D:10)
  2 hound zombies
  3 hound skeletons
  A howler monkey skeleton (D:10)
  7 gnolls
  14 adders
  3 shadow imps
  9 oozes
  2 adder skeletons (D:4)
  A worm (D:2)
  3 dart slugs (D:1)
  3 leopard geckos
  113 orcs
  A ball python (D:1)
  5 giant cockroaches
  9 hobgoblins
  10 jackals
  7 quokkas
  11 bats
  3 frilled lizards
  11 goblins
  A jackal skeleton (D:4)
  9 kobolds
  A leopard gecko skeleton (D:4)
  An orc zombie (D:9)
  2 quokka skeletons
  A quokka zombie (D:5)
  11 rats
  A butterfly (Lair:1)
  A fungus (Lair:4)
758 creatures vanquished.

Vanquished Creatures (others)
  2 vampire mosquitoes
  11 fungi
  25 plants
  17 spectral weapons
55 creatures vanquished.

Grand Total: 813 creatures vanquished

Notes
Turn   | Place    | Note
-------+----------+-------------------------------------------
     0 | D:1      | Leeroy the Draconian Skald began the quest for the Orb.
     0 | D:1      | Reached XP level 1. HP: 17/17 MP: 3/3
   166 | D:1      | Reached XP level 2. HP: 13/24 MP: 5/5
   654 | D:1      | Reached XP level 3. HP: 27/29 MP: 6/6
  1125 | D:2      | Reached XP level 4. HP: 36/36 MP: 7/7
  1690 | D:3      | Reached skill level 5 in Long Blades
  1882 | D:4      | Noticed an ogre
  1955 | D:4      | Reached XP level 5. HP: 41/41 MP: 8/8
  2294 | D:4      | Found Hakheole's Antique Armour Emporium.
  3029 | D:4      | Learned a level 3 spell: Spectral Weapon
  3032 | D:4      | Learned a level 2 spell: Shroud of Golubria
  3236 | D:4      | Noticed a phantom
  3247 | D:4      | Reached XP level 6. HP: 29/48 MP: 9/9
  3261 | D:4      | Reached skill level 1 in Hexes
  3262 | D:4      | Found a sparkling altar of Nemelex Xobeh.
  3353 | D:5      | Entered Level 5 of the Dungeon
  3353 | D:5      | Noticed Menkaure
  4052 | D:4      | Your scales start taking on a rich purple colour.
  4052 | D:4      | Reached XP level 7. HP: 53/55 MP: 8/10
  4255 | D:5      | Reached skill level 5 in Hexes
  4272 | D:5      | Found a glowing golden altar of the Shining One.
  4281 | D:5      | Noticed Ijyb
  4281 | D:5      | Paralysed by Ijyb for 6 turns
  4499 | D:5      | Paralysed by Ijyb for 4 turns
  4528 | D:4      | Killed Ijyb
  4624 | D:5      | Found a sacrificial altar of Ru.
  5224 | D:5      | Learned a level 3 spell: Regeneration
  5354 | D:6      | Reached XP level 8. HP: 47/67 MP: 11/11
  5368 | D:6      | Found a hazy altar of Hepliaklqana.
  5452 | D:6      | Found a staircase to the Ecumenical Temple.
  5464 | Temple   | Entered the Ecumenical Temple
  5497 | Temple   | Became a worshipper of Warmaster Okawaru
  5697 | D:6      | Reached skill level 5 in Fighting
  6854 | D:6      | Found a stormy altar of Qazlal.
  6857 | D:6      | Noticed an air elemental
  7886 | D:7      | Reached skill level 5 in Dodging
  8565 | D:7      | Noticed Pikel
  8600 | D:6      | Killed Pikel
  8600 | D:6      | Reached * piety under Okawaru
  8600 | D:6      | Reached ** piety under Okawaru
  8600 | D:6      | Reached XP level 9. HP: 74/75 MP: 8/12
  9604 | D:8      | Found an ornate altar of the Wu Jian Council.
  9685 | D:8      | Found a white marble altar of Elyvilon.
 10145 | D:8      | Reached *** piety under Okawaru
 10150 | D:8      | Learned a level 3 spell: Mephitic Cloud
 10153 | D:8      | Learned a level 2 spell: Blink
 10393 | D:6      | Reached skill level 10 in Long Blades
 10393 | D:6      | Reached skill level 10 in Dodging
 10393 | D:6      | Reached XP level 10. HP: 83/83 MP: 15/15
 10453 | D:5      | Found a radiant altar of Vehumet.
 10597 | D:5      | Killed Menkaure
 10597 | D:5      | Reached XP level 11. HP: 91/91 MP: 12/16
 10962 | D:9      | Found a shattered altar of Ashenzari.
 10980 | D:9      | Reached skill level 1 in Conjurations
 11089 | D:9      | Found an ancient bone altar of Kikubaaqudgha.
 11447 | D:10     | Entered Level 10 of the Dungeon
 11689 | D:10     | Found a staircase to the Lair.
 11717 | D:10     | Reached **** piety under Okawaru
 11717 | D:10     | Reached skill level 5 in Conjurations
 11782 | D:10     | Noticed a red ugly thing
 12643 | D:10     | Identified the Volume of Destructive Ice
 12646 | D:10     | Got a warped hunting sling
 12707 | D:10     | Identified the +10 hunting sling "Yvaxt" {freeze, Fragile
                  | rF+ rC+} (You found it on level 10 of the Dungeon)
 12867 | D:10     | Learned a level 3 spell: Ozocubu's Armour
 12948 | D:11     | Noticed a four-headed hydra
 13231 | D:10     | Got a pitted short sword
 13232 | D:10     | Identified the +4 short sword "Lororasm" {freeze, Fragile
                  | Str+5} (You found it on level 10 of the Dungeon)
 13343 | D:10     | Reached skill level 5 in Charms
 13343 | D:10     | Reached skill level 5 in Fire Magic
 13343 | D:10     | Reached XP level 12. HP: 89/100 MP: 17/17
 13857 | D:11     | Reached ***** piety under Okawaru
 13891 | D:11     | Found a staircase to the Orcish Mines.
 13900 | D:11     | Noticed a four-headed hydra
 13915 | D:11     | Found a roughly hewn altar of Beogh.
 14563 | D:11     | Killed a four-headed hydra
 14642 | D:11     | Killed a four-headed hydra
 14745 | D:11     | Got a jewelled hand crossbow
 15252 | D:12     | Reached skill level 5 in Poison Magic
 15359 | D:12     | Reached XP level 13. HP: 83/105 MP: 16/20
 15840 | D:12     | Reached skill level 5 in Spellcasting
 16189 | D:12     | Learned a level 4 spell: Sticky Flame
 16193 | D:12     | Learned a level 3 spell: Conjure Flame
 16792 | D:12     | Received a gift from Okawaru
 16839 | D:12     | Reached ****** piety under Okawaru
 16839 | D:12     | Reached skill level 1 in Shields
 17679 | D:11     | Reached skill level 2 in Shields
 17751 | D:11     | Reached skill level 3 in Shields
 18483 | D:11     | Reached skill level 4 in Shields
 18969 | Lair:1   | Entered Level 1 of the Lair of Beasts
 19082 | Lair:1   | Reached skill level 5 in Shields
 19173 | Lair:1   | Reached skill level 6 in Shields
 19941 | Lair:1   | Reached skill level 7 in Shields
 21586 | Lair:2   | Reached skill level 8 in Shields
 21740 | Lair:2   | Identified the +4 hand crossbow of a volcano {flame, Str+2}
                  | (You found it on level 11 of the Dungeon)
 22441 | Lair:3   | Reached skill level 9 in Shields
 22470 | Lair:3   | Learned a level 5 spell: Bolt of Magma
 22565 | Lair:3   | Found a runed translucent door.
 22566 | Lair:3   | Found a shimmering altar of Xom.
 22566 | Lair:3   | Noticed Xiguana's ghost (journeyman OgVM)
 22604 | Lair:3   | Found a hole to the Spider Nest.
 22716 | Lair:3   | Found a staircase to the Swamp.
 24009 | Lair:4   | Noticed Nessos
 24728 | D:13     | Reached XP level 14. HP: 109/113 MP: 26/26
 24891 | D:13     | Found Ihoekui's General Store.
 24920 | D:13     | Found a portal to a secret trove of treasure.
 25021 | D:13     | Found a gate to the Vaults.
 25053 | D:13     | Reached skill level 10 in Shields
 25234 | D:13     | Received a gift from Okawaru
 25651 | D:13     | Reached skill level 1 in Earth Magic
 26206 | Orc:1    | Entered Level 1 of the Orcish Mines
 26846 | Lair:4   | Killed Nessos
 26846 | Lair:4   | Received a gift from Okawaru
 27605 | Lair:5   | Reached skill level 5 in Earth Magic
 28396 | Lair:6   | Entered Level 6 of the Lair of Beasts
 28936 | Lair:5   | Found a runed translucent gate.
 28936 | Lair:5   | Found a runed translucent gate.
 28936 | Lair:5   | Found a runed translucent gate.
 28937 | Lair:5   | Found a viscous altar of Jiyva.
 28937 | Lair:5   | Noticed Vabeppot's ghost (journeyman DrGl)
 29091 | Lair:5   | Reached skill level 11 in Shields
 29233 | Lair:5   | Received a gift from Okawaru
 30258 | Lair:6   | Reached skill level 12 in Shields
 30631 | Lair:6   | Found a staircase to the Slime Pits.
 30758 | Lair:6   | Noticed an entropy weaver
 31209 | Lair:6   | Noticed an entropy weaver
 31579 | Lair:6   | Killed an entropy weaver
 31579 | Lair:6   | Reached skill level 13 in Shields
 33420 | Orc:1    | Found Iwaigafa's Antique Weapon Shoppe.
 33442 | Orc:1    | Bought a pitted long sword for 238 gold pieces
 33443 | Orc:1    | Identified the cursed +3 long sword of Foeqik {protect,
                  | rElec MR++ Stlth+} (You bought it in a shop on level 1 of
                  | the Orcish Mines)
 33448 | Orc:1    | Bought an ichor-stained rapier for 252 gold pieces
 33449 | Orc:1    | Identified the +10 rapier "Uheel" {pierce, rElec rC+++ rN+
                  | Stlth-} (You bought it in a shop on level 1 of the Orcish
                  | Mines)
 33547 | Orc:2    | Entered Level 2 of the Orcish Mines
 35611 | Orc:2    | Found a staircase to the Elven Halls.
 35651 | Orc:2    | Reached XP level 15. HP: 70/118 MP: 15/27
 36060 | Orc:2    | Noticed Jorgrun
 36077 | Orc:2    | Killed Jorgrun
 36343 | Orc:2    | Found Girann's Magic Scroll Shop.
 36351 | Orc:2    | Bought a scroll of brand weapon for 320 gold pieces
 36913 | Orc:2    | Noticed an orc warlord
 36926 | Orc:1    | Noticed an orc warlord
 36963 | Orc:2    | Found a roughly hewn altar of Beogh.
 37086 | Orc:2    | Found a roughly hewn altar of Beogh.
 37126 | Orc:2    | Received a gift from Okawaru
 37136 | Orc:2    | Got a bloodstained battleaxe {god gift}
 37142 | Orc:2    | Identified the +12 battleaxe of the Eel {vamp, rPois Int+4}
                  | (Okawaru gifted it to you on level 2 of the Orcish Mines)
 37193 | Orc:2    | Found a roughly hewn altar of Beogh.
 37202 | Orc:2    | Found Pyowed's Distillery.
 37220 | Orc:2    | Bought a potion of heal wounds for 60 gold pieces
 37222 | Orc:2    | Bought 2 potions of curing for 72 gold pieces
 37222 | Orc:2    | Bought a potion of curing for 36 gold pieces
 37222 | Orc:2    | Bought a potion of curing for 36 gold pieces
 37222 | Orc:2    | Bought a potion of curing for 36 gold pieces
 37222 | Orc:2    | Bought a potion of magic for 96 gold pieces
 37412 | Orc:2    | Found Nuwabeys's Antique Armour Boutique.
 37413 | Orc:2    | Found a roughly hewn altar of Beogh.
 37416 | Orc:2    | Found Mufief's Antique Weapon Shop.
 37456 | Orc:2    | Found a roughly hewn altar of Beogh.
 37485 | Orc:2    | Found a roughly hewn altar of Beogh.
 37486 | Orc:2    | Found Rebeh's General Store.
 37528 | Orc:2    | Killed an orc warlord
 37997 | Orc:2    | Killed an orc warlord
 38474 | Orc:1    | Found Qakaceg's Armour Emporium.
 38547 | Orc:1    | You fall into a shaft and drop 1 floor!
 38789 | Elf:1    | Entered Level 1 of the Elven Halls
 40131 | Swamp:1  | Entered Level 1 of the Swamp
 40327 | Swamp:1  | Received a gift from Okawaru
 41173 | Swamp:1  | Reached skill level 1 in Translocations
 42084 | Lair:3   | Killed Xiguana's ghost
 43807 | Elf:1    | Got a steaming war axe
 43808 | Elf:1    | Identified the +7 war axe of the Stork {chop, *Slow Int+3
                  | Dex+2} (You found it on level 1 of the Elven Halls)
 45903 | Elf:1    | Found Reolonuq's Book Shoppe.
 45962 | Elf:1    | Identified the cursed +1 battleaxe "Curiunatt" {chop, +Fly
                  | rElec Int+3 Dex+4}
 46342 | Elf:1    | Mangled by a spriggan berserker

Levels and vault maps discovered:
D:1:      lemuel_arrival_behind_the_door_large, layout_loops_ring
D:2:      layout_loops_ring, first_ration
D:3:      layout_rooms, corexii_hall_statues_s
D:4:      layout_basic, nemelex_xobeh_ov_fountains_minmay, serial_shops, shop,
          hangedman_abyss_or_decor_jellyfish_corner
D:5:      layout_cave_pools, nicolae_ru_path_of_blood, vehumet_statue,
          lemuel_crystal_altar, uniq_menkaure, uniq_ijyb
D:6:      layout_basic, lemuel_round_altar, nicolae_qazlal_style_of_elements,
          minmay_temple_entry_grid
D:7:      layout_gridville, uniq_pikel
D:8:      layout_gridville, lemuel_doored_altar, lemuel_coloured_pillars_altar,
          hangedman_little_slice_of_home
D:9:      layout_roguey, nicolae_overflow_crystal_walls,
          lemuel_mausoleum_altar_kikubaaqudgha
D:10:     minmay_the_grid_octo_tiled_octocenter [minmay_the_grid_octo_toaster,
          minmay_the_grid_octo_checkerflower, minmay_the_grid_octo_fat_diamond,
          minmay_the_grid_octo_teeth,
          minmay_the_grid_octo_prize_ultimate_mussel_roller,
          minmay_the_grid_square_5x5_fancy_junction,
          minmay_the_grid_square_5x5_z, minmay_the_grid_square_5x5_fat_x,
          minmay_the_grid_square_5x5_checkered_statues], layout_irregular_city,
          lair_entry_dummy
D:11:     layout_basic, minmay_orc_entry_temple_small, water_maze_lemuel
D:12:     kennysheep_windowed_halls, layout_small_grid, patterned_corridor
D:13:     lemuel_flame_loot_2, layout_irregular_city, david_vaults_5,
          nicolae_trove_entry_crystal, serial_shops, shop, uniq_rupert
D:14:     layout_long_grid, minmay_misc_feat_square, serial_bayou_pond_e,
          uniq_agnes, uniq_kirke, uniq_josephine, uniq_frances
Temple:   minmay_temple_bridge_abc
Lair:1:   layout_chaotic_city, lemuel_fruit_fields
Lair:2:   layout_roguey, infiniplex_staircase_pool_2, grunt_megastairs_3
Lair:3:   layout_small_grid, minmay_swamp_entry_swarm,
          spider_nest_entry_web_field, ebering_ghost_xom
Lair:4:   layout_regular_city, uniq_nessos
Lair:5:   layout_loops_ring, gammafunk_ghost_ooze,
          portal_ice_cave_entry_animals_and_master
Lair:6:   evilmike_catoblepas_cave, layout_regular_city,
          minmay_slime_entry_jelly_boxes, wad_woods_antlair, lemuel_fruit_tree
Swamp:1:  layout_basic_swamp, evilmike_swamp_ruin_house_3, hangedman_swamp_cone
Swamp:2:  layout_basic_swamp, evilmike_swamp_ruin_house_1
Orc:1:    layout_diamond_mine, serial_shops, shop, shop_fountains,
          enter_bailey_3
Orc:2:    grunt_orc_community_town_hall, layout_diamond_mine,
          grunt_orc_community_big_house_1, grunt_orc_community_big_house_2,
          grunt_orc_community_house_2, grunt_orc_community_house_2,
          grunt_orc_community_house_1, grunt_orc_community_house_1,
          grunt_orc_community_house_3, serial_shops, shop, uniq_jorgrun
Elf:1:    eino_elf_arrival_the_gate, layout_geoelf_octagon, serial_shops,
          nicolae_shop_statue_plus, hangedman_elven_crosses_minicolossus,
          evilmike_spriggan_trog_shrine

Skill      XL: |  1  2  3  4  5  6  7  8  9 10 11 12 13 14 15 |
---------------+----------------------------------------------+-----
Long Blades    | 3 4 5 6 7 10 12 | 12.2
Hexes          | 4 5 |  5.0
Charms         | 3 5 |  5.4
Fighting       | 4 6 7 9 |  9.1
Dodging        | 6 10 11 | 11.0
Spellcasting   | 3 4 8 9 |  9.6
Conjurations   | 7 8 9 |  9.0
Fire Magic     | 5 |  5.5
Poison Magic   | 5 |  5.1
Shields        | 9 13 | 13.2
Earth Magic    | 5 8 |  8.2
Translocations | 2 |  2.9

Action                   |  1- 3 |  4- 6 |  7- 9 | 10-12 | 13-15 || total
-------------------------+-------+-------+-------+-------+-------++-------
Melee: Falchion          |    19 |       |       |   115 |       ||   134
       Tailslap          |    19 |    37 |    64 |    70 |   344 ||   534
       Dagger            |   138 |   344 |   187 |    12 |       ||   681
       Long sword        |       |       |   151 |       |   283 ||   434
       Short sword       |       |       |   155 |   259 |   785 ||  1199
       Scimitar          |       |       |       |    42 |   401 ||   443
       Rapier            |       |       |       |       |   488 ||   488
Throw: Javelin           |       |       |     5 |     9 |    18 ||    32
       Throwing net      |       |       |     1 |       |       ||     1
       Boomerang         |       |       |     1 |     9 |       ||    10
       Dart              |       |       |       |     4 |     9 ||    13
 Cast: Infusion          |     1 |     4 |       |       |       ||     5
       Shroud of Golubri |       |     2 |     8 |       |     4 ||    14
       Spectral Weapon   |       |     1 |    25 |     8 |    24 ||    58
       Regeneration      |       |       |     1 |       |     8 ||     9
       Mephitic Cloud    |       |       |       |    12 |    24 ||    36
       Ozocubu's Armour  |       |       |       |     6 |    29 ||    35
       Sticky Flame      |       |       |       |       |    23 ||    23
       Blink             |       |       |       |       |    12 ||    12
       Conjure Flame     |       |       |       |       |    18 ||    18
       Bolt of Magma     |       |       |       |       |    65 ||    65
 Abil: Breathe Dispellin |       |       |       |       |     5 ||     5
Evoke: Wand              |       |       |       |     1 |     4 ||     5
  Use: Potion            |       |     2 |     5 |     4 |    18 ||    29
       Scroll            |       |       |     7 |     3 |    46 ||    56
 Stab: Sleeping          |     1 |       |       |       |     3 ||     4
       Distracted        |       |       |     3 |     2 |     2 ||     7
       Confused          |       |       |       |     6 |    16 ||    22
  Eat: Chunk             |     1 |     8 |    15 |    15 |    55 ||    94
       Ration            |       |       |     4 |     2 |    22 ||    28
Armor: Skin              |    68 |   121 |   160 |    96 |   386 ||   831
Dodge: Dodged            |   111 |   195 |   285 |   302 |   982 ||  1875
Block: Shield            |       |       |       |       |  1280 ||  1280
       Rpst.: Falchion   |     3 |       |       |    16 |       ||    19
       Long sword        |       |       |    28 |       |    28 ||    56
       Scimitar          |       |       |       |     5 |    48 ||    53

Table legend:
 A = Non-vault XP
 B = Vault XP
 C = Vault XP percentage of total XP
 D = Non-vault monster count
 E = Vault monster count
 F = Vault count percentage of total count
                 A         B        C        D         E       F
            +---------+---------+-------+---------+---------+-------
      Total |   80175 |   50185 |  38.5 |     537 |     220 |  29.1
            +---------+---------+-------+---------+---------+-------
        D:1 |      55 |       0 |   0.0 |      26 |       0 |   0.0
        D:2 |      69 |       0 |   0.0 |      27 |       0 |   0.0
        D:3 |     195 |       0 |   0.0 |      24 |       0 |   0.0
        D:4 |     651 |      36 |   5.2 |      31 |       1 |   3.1
        D:5 |     434 |     172 |  28.4 |      10 |       1 |   9.1
        D:6 |     947 |     617 |  39.5 |      17 |       1 |   5.6
        D:7 |     717 |       0 |   0.0 |      18 |       0 |   0.0
        D:8 |    1477 |     166 |  10.1 |      15 |       8 |  34.8
        D:9 |    1380 |    1100 |  44.4 |      18 |      16 |  47.1
       D:10 |    2475 |    3126 |  55.8 |      29 |      25 |  46.3
       D:11 |    5794 |     345 |   5.6 |      30 |       8 |  21.1
       D:12 |    3997 |    6715 |  62.7 |      35 |      20 |  36.4
       D:13 |    4189 |    1002 |  19.3 |       8 |       1 |  11.1
     Temple |     163 |       0 |   0.0 |       3 |       0 |   0.0
     Lair:1 |    7594 |       0 |   0.0 |      35 |       0 |   0.0
     Lair:2 |    3856 |     556 |  12.6 |      10 |       3 |  23.1
     Lair:3 |    1712 |    2356 |  57.9 |       8 |       3 |  27.3
     Lair:4 |     468 |    1344 |  74.2 |       1 |       1 |  50.0
     Lair:5 |   10595 |    3624 |  25.5 |      23 |       9 |  28.1
     Lair:6 |    7345 |    6821 |  48.2 |      30 |      32 |  51.6
    Swamp:1 |    7975 |       0 |   0.0 |      23 |       0 |   0.0
      Orc:1 |    3089 |     131 |   4.1 |      49 |       5 |   9.3
      Orc:2 |    8274 |   10242 |  55.3 |      55 |      68 |  55.3
      Elf:1 |    6724 |   11832 |  63.8 |      12 |      18 |  60.0
            +---------+---------+-------+---------+---------+-------
